 Dungeon Crawl Stone Soup version 0.27-a0-631-g2d681adce0 (webtiles) character file.

Game seed: 11969290217854698916

497 night the Chopper (level 6, -7/61 HPs)
             Began as a Deep Dwarf Berserker on Mar 13, 2021.
             Was a Believer of Trog.
             Mangled by an orc warrior
             ... wielding a +0 trident
              (11 damage)
             ... on level 4 of the Dungeon.
             The game lasted 00:08:38 (2677 turns).

night the Chopper (Deep Dwarf Berserker)            Turns: 2677, Time: 00:08:38

Health: -7/61      AC: 13    Str: 23    XL:     6   Next: 93%
Magic:  6/6        EV:  7    Int:  7    God:    Trog [**....]
Gold:   171        SH:  0    Dex: 12    Spells: 5/5 levels left

rFire    . . .     SeeInvis .   l - +2 war axe (vamp)
rCold    . . .     Faith    .   (no shield)
rNeg     . . .     Spirit   .   h - +0 plate armour
rPois    .         Reflect  .   (no helmet)
rElec    .         Harm     .   r - +0 cloak
rCorr    .         Rampage  .   m - +0 pair of gloves
Will     .....                  (no boots)
Stlth    ..........             (no amulet)
HPRegen  0.00/turn              (no ring)
MPRegen  0.10/turn              (no ring)

@: berserk cooldown, non-regenerating, slowed, very slow
A: damage resistance, heal wounds, sense surroundings 1, no regeneration
a: Heal Wounds, Renounce Religion, Berserk, Trog's Hand


You were on level 4 of the Dungeon.
You worshipped Trog.
Trog was pleased with you.
You visited 1 branch of the dungeon, and saw 4 of its levels.

You collected 171 gold pieces.

Inventory:

Hand Weapons
 a - a +0 hand axe
 l - a +2 vampiric war axe (weapon)
Missiles
 n - 86 stones
 o - 24 arrows
 p - 26 poisoned darts
 x - 17 bolts
 y - 12 sling bullets
Armour
 b - a +0 animal skin
 c - a +0 ring mail
 h - a +0 plate armour (worn)
 m - a +0 pair of gloves (worn)
 r - a +0 cloak (worn)
Jewellery
 e - an amulet of magic regeneration
Wands
 i - a wand of polymorph (9)
 s - a wand of random effects (4)
Scrolls
 d - a scroll of identify
 t - a scroll of enchant weapon {unknown}
 v - a scroll of blinking {unknown}
 w - a scroll of teleportation {unknown}
Potions
 f - 3 potions of curing {unknown}
 g - a potion of lignification {unknown}
 j - 2 potions of heal wounds
 k - a potion of ambrosia {unknown}
 q - 2 potions of flight {unknown}
 u - a potion of invisibility {unknown}


   Skills:
 + Level 5.4 Fighting
 + Level 6.5 Axes
 - Level 2.1 Armour
 - Level 2.1 Dodging


You had 5 spell levels left.
You didn't know any spells.
Your spell library was empty.

Dungeon Overview and Level Annotations

Branches:
Dungeon (4/15)
 Temple: D:4-7

Altars:
Nemelex Xobeh


Innate Abilities, Weirdness & Mutations

You are resistant to damage.
You can heal yourself by infusing magical energy.
You passively map a small area around you.
You do not regenerate.


Message History

You barely miss something. Something hits you.
The orc warrior closely misses you. Something hits you but does no damage.
The orc warrior hits you with a +0 trident!
You hit the orc warrior.
You feel better.
The orc warrior is moderately wounded.
You closely miss something. Something hits you but does no damage.
The orc warrior hits you with a +0 trident!
Something hits you but does no damage.
You hit the orc warrior but do no damage.
The orc warrior is moderately wounded.
You slash something!
You feel better.
The orc warrior hits you but does no damage.
Something hits you but does no damage. The orc warrior closely misses you.
Something hits you but does no damage.
You completely miss the orc warrior.
The orc warrior is moderately wounded.
You slash something!
You feel better. Trog accepts your kill.
Trog appreciates your killing of a magic user.
Reactivating autopickup.
You feel a bit more experienced.
The orc warrior hits you with a +0 trident!
You hit the orc warrior.
The orc warrior is heavily wounded.
The orc warrior hits you but does no damage.
The orc warrior hits you with a +0 trident!
* * * LOW HITPOINT WARNING * * *
You barely miss the orc warrior.
The orc warrior is heavily wounded.
The orc warrior hits you with a +0 trident.
* * * LOW HITPOINT WARNING * * *
The orc warrior hits you with a +0 trident!
* * * LOW HITPOINT WARNING * * *
You hit the orc warrior.
You feel better.
The orc warrior is heavily wounded.
The orc warrior hits you with a +0 trident.
* * * LOW HITPOINT WARNING * * *
Okay, then.
The orc warrior hits you with a +0 trident!
You die...

.....# #...# .#.#
#....####...## ###.#.#
#....#......., ......##
#.......#...# #......# ,
,
#.......#...#**#....#####
,
#.......#...####.........
#....................#*
##.##.###...####.....# ,
#.##.......# #@)...## *
#.########.# #.o....# , *
#.....#..#.# #......# *
#####.#..#.# *......... ,
#..<..#.# #..........
#.....#.# #.##.......
#.###.#.# #. *.###### , *
* #...#.#.# #. ..,, ,
#.#.#.# * #. *###


You could see an orc warrior.

Vanquished Creatures
  Menkaure (D:4)
  Crazy Yiuf (D:2)
  An iguana (D:4)
  Jessica (D:2)
  Ijyb (D:3)
  2 orc wizards (D:4)
  A worker ant (D:3)
  3 gnolls (D:3)
  10 adders
  4 worms
  2 dart slugs
  2 leopard geckos
  5 orcs (D:4)
  3 giant cockroaches
  4 goblins (D:2)
  6 hobgoblins
  2 jackals (D:3)
  A quokka (D:3)
  8 bats
  3 frilled lizards
  5 kobolds
  7 rats
73 creatures vanquished.

Vanquished Creatures (others)
  5 fungi (D:2)
5 creatures vanquished.

Grand Total: 78 creatures vanquished

Notes
Turn   | Place    | Note
-------+----------+-------------------------------------------
     0 | D:1      | night the Deep Dwarf Berserker began the quest for the Orb.
     0 | D:1      | Reached XP level 1. HP: 20/20 MP: 1/1
   205 | D:1      | Reached XP level 2. HP: 17/28 MP: 2/2
   642 | D:2      | Noticed Jessica
   647 | D:2      | Killed Jessica
   647 | D:2      | Reached ** piety under Trog
   648 | D:2      | Reached skill level 4 in Axes
   648 | D:2      | Reached XP level 3. HP: 12/34 MP: 3/3
   686 | D:2      | Reached XP level 4. HP: 16/44 MP: 4/4
   864 | D:2      | Found a faded altar of an unknown god.
  1412 | D:2      | Found a sparkling altar of Nemelex Xobeh.
  1587 | D:2      | Found a runed translucent door.
  1588 | D:2      | Noticed Crazy Yiuf
  1596 | D:2      | Killed Crazy Yiuf
  1597 | D:2      | Reached skill level 5 in Axes
  1597 | D:2      | Reached XP level 5. HP: 50/50 MP: 5/5
  1800 | D:3      | Noticed Ijyb
  1800 | D:3      | Paralysed by Ijyb for 2 turns
  1818 | D:3      | Killed Ijyb
  2162 | D:3      | Reached XP level 6. HP: 58/58 MP: 6/6
  2534 | D:4      | Noticed Menkaure
  2543 | D:4      | Reached skill level 6 in Axes
  2549 | D:4      | Killed Menkaure
  2550 | D:4      | Reached skill level 5 in Fighting
  2658 | D:4      | Noticed an orc warrior
  2675 | D:4      | HP: 5/61 [orc warrior/+0 trident (5)]
  2677 | D:4      | Mangled by an orc warrior

Illustrated notes

Levels and vault maps discovered:
D:1:      nicolae_arrival_washed_ashore, layout_rooms, st_stairs_14
D:2:      layout_loops_cross, lemuel_crystal_altar,
          chequers_ecumenical_altar_simple, minmay_octomino_c4,
          uniq_crazy_yiuf_cottage, uniq_jessica
D:3:      layout_basic, uniq_ijyb
D:4:      layout_basic, uniq_blork_the_orc, uniq_menkaure

Skill      XL: |  1  2  3  4  5  6 |
---------------+-------------------+-----
Fighting       | 3 4 5 |  5.4
Axes           | 4 5 6 |  6.5
Armour         | |  2.1
Dodging        | |  2.1

Action                   |  1- 3 |  4- 6 || total
-------------------------+-------+-------++-------
Melee: Hand axe          |    71 |    29 ||   100
       War axe           |       |   132 ||   132
Invok: Berserk           |     2 |     9 ||    11
       Trog's Hand       |       |     4 ||     4
  Use: Scroll            |       |     1 ||     1
Armor: Ring mail         |    43 |     7 ||    50
       Animal skin       |     1 |       ||     1
       Plate armour      |       |   106 ||   106
Dodge: Dodged            |    59 |    46 ||   105

Table legend: (Time is in decaauts)
 A = Elapsed time spent in this place.
 B = Non-inter-level travel time spent in this place.
 C = Inter-level travel time spent in this place.
 D = Time resting spent in this place.
 E = Time spent auto-exploring this place.
 F = Levels seen in this place.
 G = Mean time per level.
                   A        B        C        D        E       F      G
               +--------+--------+--------+--------+--------+-----+--------+
         Total |   2811 |   2659 |    152 |    158 |   1750 |   4 |  702.8 |
       Dungeon |   2811 |   2659 |    152 |    158 |   1750 |   4 |  702.8 |
               +--------+--------+--------+--------+--------+-----+--------+

Top non-repeatable levels by time:
     D:2: 1098 daAuts
     D:3: 810 daAuts
     D:1: 619 daAuts
     D:4: 283 daAuts
